 Dungeon Crawl Stone Soup version 0.28.0-45-g0d030f2227 (webtiles) character file.

Game seed: 13046435521826740028

49 Cykl0x the Digger (level 3, -5/19 HPs)
             Began as a Gargoyle Earth Elementalist on Apr 19, 2022.
             Slain by Crazy Yiuf
             ... wielding a +2 quarterstaff of chaos
              (8 damage)
             ... on level 3 of the Dungeon.
             The game lasted 00:04:20 (2858 turns).

Cykl0x the Digger (Gargoyle Earth Elementalist)     Turns: 2858, Time: 00:04:21

Health: -5/19      AC:  7    Str: 11    XL:     3   Next: 75%
Magic:  0/6        EV: 12    Int: 17    God:
Gold:   73         SH:  0    Dex: 16    Spells: 3/7 levels left

rFire   . . .      SeeInvis .   s - +1 mace (holy)
rCold   . . .      Faith    .   (no shield)
rNeg    + . .      Spirit   .   b - +0 robe
rPois   ∞          Reflect  .   a - +0 hat
rElec   +          Harm     .   r - +0 cloak
rCorr   .          Rampage  .   j - +0 pair of gloves
Will    .....                   (no boots)
Stlth   ++........              (no amulet)
HPRegen 0.06/turn               e - +6 ring of dexterity
MPRegen 0.10/turn               (no ring)

@: hasted, very quick
A: sickness immunity, AC +3, negative energy resistance 1, electricity
resistance, torment resistance 1, petrification resistance
a: no special abilities


You were on level 3 of the Dungeon.
You visited 1 branch of the dungeon, and saw 3 of its levels.

You collected 73 gold pieces.

Inventory:

Hand Weapons
 d - a +1 club
 s - a +1 mace of holy wrath (weapon)
Missiles
 c - 33 stones
Armour
 a - a +0 hat (worn)
 b - a +0 robe (worn)
 j - a +0 pair of gloves (worn)
 l - a +0 leather armour
 r - a +0 cloak (worn)
Magical Staves
 f - a staff of air
Jewellery
 e - a +6 ring of dexterity (left hand)
 p - a +6 ring of intelligence
Scrolls
 g - a scroll of fog
 q - a scroll of identify
Potions
 h - a potion of heal wounds {unknown}
 i - a potion of curing {unknown}
 k - a potion of flight
 m - 2 potions of degeneration {unknown}
 n - a potion of brilliance {unknown}
 o - a potion of might {unknown}


   Skills:
 + Level 1.7 Dodging
 - Level 2.1 Stealth
 + Level 2.6 Spellcasting
 * Level 1.2 Conjurations
 - Level 0.7 Transmutations
 + Level 4.6 Earth Magic


You had 3 spell levels left.
You knew the following spells:

 Your Spells              Type           Power      Damage    Failure   Level
a - Sandblast             Erth           34%        2d9       2%          1
b - Stone Arrow           Conj/Erth      24%        3d8       16%         3

Your spell library contained the following spells:

 Spells                   Type           Power      Damage    Failure   Level
 Passwall                 Tmut/Erth      9%         N/A       10%         2
 Petrify                  Tmut/Erth      11%        N/A       52%         4


Dungeon Overview and Level Annotations

Branches:
Dungeon (3/15)

Altars:

Annotations:
D:3 Crazy Yiuf, Sigmund


Innate Abilities, Weirdness & Mutations

You are immune to sickness and miasma.
Your stone body is resilient. (AC +3)
You are immune to poison.
You resist negative energy. (rN+)
You are resistant to electric shocks. (rElec)
You are resistant to unholy torment.
You are immune to petrification.


Message History

Casting: Stone Arrow (extremely dangerous; 16% risk of failure)
Confirm with . or Enter, or press ? or * to list all spells.
The spell is extremely dangerous to miscast (16% risk of failure)!
Continue anyway?
Aiming: Stone Arrow (extremely dangerous; 16% risk of failure)
Press: ? - help, Shift-Dir - straight line, f - Crazy Yiuf
Aim: Crazy Yiuf, wielding a +2 quarterstaff of chaos and wearing a +0 cloak (72% to hit)
The stone arrow hits Crazy Yiuf.
Crazy Yiuf is lightly wounded.
Crazy Yiuf hits you with a +2 quarterstaff of chaos!
You feel your power leaking away.
Casting: Stone Arrow (extremely dangerous; 16% risk of failure)
Confirm with . or Enter, or press ? or * to list all spells.
You don't have enough magic to cast this spell.
Crazy Yiuf is nearby!
Unknown command.
Unknown command.
You are too depleted to draw on your mana recklessly!
You are too depleted to draw on your mana recklessly!
You are too depleted to draw on your mana recklessly!
You are too depleted to draw on your mana recklessly!
You hit Crazy Yiuf.
Crazy Yiuf is heavily wounded.
Crazy Yiuf hits you with a +2 quarterstaff of chaos!
* * * LOW HITPOINT WARNING * * *
You feel yourself speed up.
You barely miss Crazy Yiuf.
Crazy Yiuf is heavily wounded.
Crazy Yiuf laughs, "Lay!
Iron King King."
Crazy Yiuf hits you but does no damage.
You barely miss Crazy Yiuf.
Crazy Yiuf is heavily wounded.
Crazy Yiuf barely misses you.
You barely miss Crazy Yiuf.
Crazy Yiuf is heavily wounded.
Crazy Yiuf closely misses you.
Unknown command.
You hit Crazy Yiuf.
Crazy Yiuf is heavily wounded.
Crazy Yiuf hits you with a +2 quarterstaff of chaos!
You die...

#.....#
#.#.....## ####.#
#.
#..######.#######
#.# #. #..# #...#
#.# ##
#..#####..##
##### #.#
#.........##
#..)# #.#
##.#####...#
#...# #.#
#....)....# ...
#.# #######..##
#g# #.# #..##
##@# #####.#
#...# #.##
#.....# ##.##
##.# ####### #..#
#.## #### ##.##
###### #...##
.....## #....#
......# #+..+#
####..#
##....####


You could see Crazy Yiuf.

Vanquished Creatures
  An adder (D:3)
  2 orcs (D:3)
  4 bats
  3 endoplasms (D:1)
  3 giant cockroaches (D:1)
  8 goblins
  2 jackals (D:1)
  2 quokkas
  3 ball pythons
  A frilled lizard (D:1)
  3 kobolds (D:1)
  3 rats
35 creatures vanquished.

Notes
Turn   | Place    | Note
-------+----------+-------------------------------------------
     0 | D:1      | Cykl0x the Gargoyle Earth Elementalist began the quest for
                  | the Orb.
     0 | D:1      | Reached XP level 1. HP: 10/10 MP: 3/3
   287 | D:1      | Reached skill level 4 in Earth Magic
   287 | D:1      | Reached XP level 2. HP: 15/15 MP: 3/5
   707 | D:1      | Reached skill level 1 in Conjurations
  1081 | D:2      | Reached XP level 3. HP: 19/19 MP: 4/6
  1085 | D:2      | Learned a level 3 spell: Stone Arrow
  2657 | D:3      | Noticed Sigmund
  2815 | D:3      | Found a runed translucent door.
  2816 | D:3      | Noticed Crazy Yiuf
  2858 | D:3      | Slain by Crazy Yiuf

Illustrated notes

Levels and vault maps discovered:
D:1:      psy_arrival_basics, layout_basic
D:2:      layout_basic, chequers_serial_rivers_micro_e
D:3:      layout_loops_corners, kennysheep_doodads, minmay_snake_closets,
          uniq_sigmund, uniq_crazy_yiuf_cottage

Skill      XL: |  1  2 |
---------------+-------+-----
Earth Magic    | 4 |  4.6
Conjurations   | 1 |  1.2
Dodging        | |  1.7
Stealth        | |  2.1
Spellcasting   | |  2.6
Transmutations | |  0.7

Action                   || total
-------------------------++-------
Melee: Staff             ||     3
       Mace              ||     6
 Cast: Sandblast         ||    36
       Stone Arrow       ||    10
  Use: Scroll            ||     6
Armor: Robe              ||    11
Dodge: Dodged            ||    29
